cohdb
Replays
Latest Replays
All Replays
Popular Replays
Top Player Replays
Match Explorer
How It Works
Community
CoH3 Stats
Reddit
Sign in to upload your games and track your stats! →
Sign in with Steam
Match 46630082
Unlisted
Match 46630082
Overview
Messages
Build Orders
End
Construct Infanterie Kompanie
Selects Breakthrough Battlegroup
Selects Assault Grenadiers
MG 42 Machine Gun Team
Grenadier Squad
MG 42 Machine Gun Team
Grenadier Squad
Construct Luftwaffe Kompanie
Flak 30 Anti-aircraft Gun Team
Medical Bunker
Flak 30 Anti-aircraft Gun Team
FREAK THE DUDE
[KOR]GermanRibbon
chad
Feldwebel21
『BlackBear』
Sabersama
THE one-冰封夕阳
LH
0
0
Comments
sign in to comment!
No comments posted yet!